 Dungeon Crawl Stone Soup version 0.31.0-11-ge490571c62 (webtiles) character file.

Game seed: 451831907592756110

261 qw the Shooter (level 5, -8/27 HPs)
             Began as a Spriggan Hunter on Feb 3, 2024.
             Killed from afar by an orc wizard (10 damage)
             ... with a magic dart
             ... on level 4 of the Dungeon.
             The game lasted 00:00:12 (3381 turns).

qw the Shooter (Spriggan Hunter)                    Turns: 3381, Time: 00:00:12

Health: -8/27      AC:  2    Str:  7    XL:     5   Next: 96%
Magic:  6/6        EV: 20    Int: 11    God:
Gold:   144        SH:  0    Dex: 20    Spells: 4/4 levels left

rFire   . . .        a - +0 shortbow
rCold   . . .        (shield currently unavailable)
rNeg    . . .        c - +0 robe
rPois   .            (helmet restricted)
rElec   .            (no cloak)
rCorr   .            (gloves unavailable)
SInv    +            (boots unavailable)
Will    .....        (no amulet)
Stlth   ++           (no ring)
HPRegen 0.24/turn    (no ring)
MPRegen 0.10/turn

%: no passive effects
@: about to teleport, very quick
A: very small, no large weapons, unfitting armour, see invisible, speed 3
a: no special abilities


You were on level 4 of the Dungeon.
You visited 1 branch of the dungeon, and saw 4 of its levels.
You also visited: Sewer.

You collected 144 gold pieces.


Innate Abilities, Weirdness & Mutations

You are very small and have problems with some larger weapons.
You are too small for most types of armour.
You have supernaturally acute eyesight. (SInv)
You cover ground extremely quickly. (Speed+++)


   Skills:
 - Level 2.7 Fighting
 + Level 5.7 Ranged Weapons
 - Level 5.0 Dodging
 - Level 1.5 Stealth


You had 4 spell levels left.
You didn't know any spells.
Your spell library was empty.

Inventory:

Hand Weapons
 a - a +0 shortbow (weapon)
Armour
 c - a +0 robe (worn)
Jewellery
 b - a ring of ice
Wands
 g - a wand of charming (5)
Scrolls
 d - a scroll of teleportation
 j - a scroll of enchant armour
Potions
 e - a potion of enlightenment
 i - a potion of attraction {unknown}

Dungeon Overview and Level Annotations

Branches:
Dungeon (4/15)              Sewer (visited)
 Temple: D:4-7

Altars:
Dithmenos


Message History

The orc wizard gestures at you while chanting.
You easily resist.
You shoot an arrow. The arrow barely misses the orc wizard.
The orc wizard hits you with a +0 dagger.
The orc wizard points at you and mumbles some strange words.
You easily resist.
The orc wizard gestures at you while chanting.
You easily resist.
The orc wizard barely misses you. The orc wizard misses you.
The orc wizard points at you and mumbles some strange words.
The magic dart hits you!
You shoot an arrow. The arrow hits the orc wizard.
The orc wizard is almost dead.
The orc wizard hits you but does no damage.
The orc wizard completely misses you. The orc wizard misses you.
You shoot an arrow. The arrow hits the orc wizard!
You kill the orc wizard!
The orc wizard casts a spell at you.
You easily resist.
The orc wizard misses you.
You shoot an arrow. The arrow hits the orc wizard.
The orc wizard is moderately wounded.
The orc wizard misses you. x2
You shoot an arrow. The arrow hits the orc wizard.
The orc wizard is heavily wounded.
The orc wizard hits you with a +0 dagger. x2
3378 ||| READING 2 scrolls of teleportation.
As you read the scroll of teleportation, it crumbles to dust.
You feel strangely unstable. The orc wizard closely misses you.
The orc wizard barely misses you.
You shoot an arrow. The arrow barely misses the orc wizard.
The orc wizard points at you and mumbles some strange words.
The puff of flame misses you. x2
The puff of flame misses the orc wizard.
The orc wizard closely misses you.
You shoot an arrow. The arrow misses the orc wizard.
The orc wizard hits you with a +0 dagger. x2
You shoot an arrow. The arrow hits the orc wizard.
The orc wizard is almost dead.
The orc wizard points at you and mumbles some strange words.
The magic dart hits you!
You die...

#.#...............
#.................
####................
#....###..#....#####
#....#.#.......#
#..###.###.....#
#..#..:..#.....#
##.###.###.#....#
#.@o'.#...#....#
#.)o###... #.....
... #######


You could see 2 orc wizards.

Vanquished Creatures
  A kobold brigand (Sewer)
  An orc wizard (D:4)
  7 adders
  2 ribbon worms (Sewer)
  3 orcs (D:3)
  13 endoplasms
  2 giant cockroaches
  10 goblins
  3 hobgoblins
  7 quokkas
  12 ball pythons
  8 bats
  9 kobolds
  18 rats
96 creatures vanquished.

Notes
Turn   | Place    | Note
-------+----------+-------------------------------------------
     0 | D:1      | qw the Spriggan Hunter began the quest for the Orb.
     0 | D:1      | Reached XP level 1. HP: 10/10 MP: 2/2
     0 | D:1      | 0 ||| qw: Version: 0.3-a-155-g5e7d8dd
     0 | D:1      | 0 ||| qw: Game counter: 3352
     0 | D:1      | 0 ||| qw: Melee chars always use a shield: true
     0 | D:1      | 0 ||| qw: God list: Okawaru
     0 | D:1      | 0 ||| qw: Allow faded altars: false
     0 | D:1      | 0 ||| qw: Do Orc after clearing Dungeon:15 true
     0 | D:1      | 0 ||| qw: Do second Lair branch before Depths: true
     0 | D:1      | 0 ||| qw: Lair rune preference: random
     0 | D:1      | 0 ||| qw: Goals: Normal
     0 | D:1      | 0 ||| PLANNING D:1-11
    54 | D:1      | Reached skill level 3 in Dodging
   283 | D:1      | Reached XP level 2. HP: 14/14 MP: 3/3
   454 | D:1      | Reached XP level 3. HP: 18/18 MP: 4/4
   820 | D:1      | 820 ||| READING scroll labelled VEIGHOG VOPN.
   820 | D:1      | 820 ||| IDENTIFYING yellow potion
   821 | D:1      | 821 ||| READING scroll labelled ELEUNT JAUDEM.
   822 | D:1      | 822 ||| DROPPING scroll of butterflies.
  1258 | D:2      | Found a shadowy altar of Dithmenos.
  1549 | D:2      | 1549 ||| READING scroll labelled UMOTTI VUORYLA.
  1580 | D:2      | 1580 ||| READING scroll labelled INUOPH TYDUAWE.
  1722 | D:3      | 1722 ||| PLANNING SEWER
  1795 | D:3      | Reached XP level 4. HP: 6/22 MP: 5/5
  1889 | D:3      | Found a glowing drain.
  1911 | Sewer    | Entered a sewer
  1994 | Sewer    | Noticed a kobold brigand
  2011 | Sewer    | Killed a kobold brigand
  2012 | Sewer    | Reached XP level 5. HP: 7/27 MP: 6/6
  2235 | Sewer    | 2235 ||| READING 3 scrolls labelled JEIC FIYT ILA.
  2239 | Sewer    | 2239 ||| READING 2 scrolls labelled ANIFAA TASCH.
  2239 | Sewer    | 2239 ||| ENCHANTING +0 shortbow.
  2240 | Sewer    | 2240 ||| DRINKING 2 ruby potions.
  2241 | Sewer    | 2241 ||| DROPPING potion of magic.
  2249 | D:3      | 2249 ||| PLANNING D:1-11
  3197 | D:3      | 3197 ||| READING scroll of identify.
  3197 | D:3      | 3197 ||| IDENTIFYING fuming blue potion
  3198 | D:3      | 3198 ||| READING scroll labelled IKUCEI QOHA.
  3199 | D:3      | 3199 ||| DRINKING 3 blue potions.
  3231 | D:3      | 3231 ||| DROPPING 2 potions of lignification.
  3370 | D:4      | 3370 ||| DRINKING potion of curing.
  3370 | D:4      | 3370 ||| (to cure confusion)
  3377 | D:4      | HP: 6/27 [orc wizard/+0 dagger (1)]
  3378 | D:4      | 3378 ||| READING 2 scrolls of teleportation.
  3380 | D:4      | HP: 2/27 [orc wizard/+0 dagger (3)]
  3381 | D:4      | Killed from afar by an orc wizard

Levels and vault maps discovered:
D:1:      evilmike_arrival_hilbert_curve, layout_basic
D:2:      minmay_angry_zag, layout_basic, basic_altar, grunt_ministairs_8
D:3:      minmay_diamond_boxcup, layout_basic, cheibrodos_sewer_entry_drain
D:4:      layout_gridville, minmay_temple_entry_arrows, serial_forest,
          infiniplex_forest_zigzag_2, infiniplex_forest_lined_2,
          infiniplex_forest_zigzag_1, infiniplex_forest_3_way,
          infiniplex_forest_end_2, nicolae_concentric_dashed_squares_mild,
          minmay_a_box_with_orc_wizards_in_it

Skill      XL: |  1  2  3  4 |
---------------+-------------+-----
Dodging        | 3 4 5 |  5.0
Ranged Weapons | 5 |  5.7
Fighting       | 2 |  2.7
Stealth        | |  1.5

Action                     |  1- 3 |  4- 6 || total
---------------------------+-------+-------++-------
   Fire: Shortbow          |   131 |   154 ||   285
    Use: Scroll            |     4 |     5 ||     9
         Potion            |       |     3 ||     3
 Armour: Robe              |    15 |    40 ||    55
  Dodge: Dodged            |    35 |    75 ||   110

Table legend:
 A = Non-vault XP
 B = Vault XP
 C = Vault XP percentage of total XP
 D = Non-vault monster count
 E = Vault monster count
 F = Vault count percentage of total count
                 A         B        C        D         E       F
            +---------+---------+-------+---------+---------+-------
      Total |     124 |     249 |  66.8 |      55 |      41 |  42.7
            +---------+---------+-------+---------+---------+-------
        D:1 |      45 |       0 |   0.0 |      28 |       0 |   0.0
        D:2 |      16 |      22 |  57.9 |      10 |       7 |  41.2
        D:3 |      63 |      25 |  28.4 |      17 |      13 |  43.3
        D:4 |       0 |      35 | 100.0 |       0 |       1 | 100.0
      Sewer |       0 |     167 | 100.0 |       0 |      20 | 100.0
            +---------+---------+-------+---------+---------+-------
